Map: Cerulean Fall LE

Players

Zest - Winner!

  • Race: Protoss Protoss
  • League: Master
  • Spawn Location: 7:00

GuMiho

  • Race: Terran Terran
  • League: Grandmaster
  • Spawn Location: 1:00

Event: IEM Season 13 - Katowice Server Qualifiers Asia 2

VOD

Have the link to the VOD?

Description

Time

  • Played on: Jan. 22, 2019, 8:05 a.m.
  • Length: 8:22

All games in this series

Show
View Real Time Build Order
Export as new Build Order

Zest Protoss - Winner!

Build Orders: Oracle Opening 

Get SALT Encoding   

  12  0:00  Probe  
  13  0:12  Probe  
  14  0:18  Pylon  
  14  0:24  Probe  
  15  0:32  Probe  
  15  0:38  Gateway  
  15  0:40  Probe  
  17  0:50  Pylon  
  17  0:51  Probe  
  18  0:58  Assimilator  
  18  1:03  Probe  
  19  1:12  Gateway  
  19  1:15  Probe  
  20  1:28  Probe, Cybernetics Core  
  21  1:35  Zealot  
  23  1:40  Probe  
  23  1:43  Assimilator  
  24  1:52  Probe  
  25  1:55  Stalker  
  25  2:07  Stalker  
  29  2:09  Pylon  
  30  2:19  Warp Gate  
  30  2:21  Stalker  
  31  2:46  Nexus  
  31  2:55  Stalker  
  33  3:09  Probe  
  34  3:16  Stargate  
  34  3:22  Probe  
  35  3:27  Pylon  
  35  3:34  Probe  
  36  3:43  Probe  
  37  3:48  Oracle  
  37  3:51  Probe  
  38  3:58  Probe  
  38  4:00  Probe  
  43  4:10  Probe  
  43  4:12  Probe  
  43  4:16  Oracle, Pylon  
  45  4:20  Adept x2  
  45  4:22  Probe  
  50  4:24  Probe  
  54  4:32  Pylon  
  54  4:34  Probe  
  54  4:36  Probe  
  56  4:45  Oracle  
  56  4:46  Probe  
  56  4:48  Probe  
  58  4:58  Probe  
  62  5:00  Probe, Zealot x2  
  67  5:11  Nexus  
  67  5:13  Probe x2  
  69  5:14  Pylon  
  69  5:18  Oracle  
  67  5:33  Probe  
  62  5:37  Zealot x2  
  62  5:38  Probe  
  67  5:45  Probe, Assimilator  
  67  5:46  Assimilator  
  67  5:47  Forge, Twilight Council  
  68  5:50  Probe  
  69  5:57  Probe  
  69  5:58  Phoenix  
  69  6:02  Probe  
  70  6:07  Charge  
  70  6:10  Zealot x2  
  70  6:11  Protoss Ground Armor Level 1  
  74  6:16  Gateway  
  74  6:18  Gateway  
  74  6:20  Gateway x2  
  73  6:31  Phoenix  
  73  6:33  Stalker  
  75  6:41  Probe x3  
  78  6:55  Phoenix  
  78  6:57  Zealot x2  
  78  7:00  Photon Cannon  
  82  7:01  Photon Cannon  
  82  7:03  Shield Battery  
  84  7:18  Zealot x5  
  84  7:19  Sentry  
  88  7:39  Zealot x2  
  90  7:53  Zealot  
  90  7:54  Zealot x3  
  84  8:01  Zealot  
Show
View Real Time Build Order
Export as new Build Order

GuMiho Terran 

Build Orders: Gas First Reaper Expand 

Get SALT Encoding   

  12  0:00  SCV  
  13  0:12  SCV  
  14  0:18  Supply Depot  
  14  0:24  SCV  
  15  0:29  Refinery  
  15  0:39  SCV  
  16  0:44  Barracks  
  16  0:51  SCV  
  17  1:03  SCV  
  18  1:15  SCV  
  19  1:31  Reaper, Orbital Command  
  20  1:45  Command Center  
  20  1:56  Factory  
  20  2:00  SCV  
  21  2:07  Barracks Reactor  
  21  2:08  Refinery  
  21  2:12  SCV  
  22  2:17  Supply Depot  
  22  2:24  SCV  
  23  2:38  SCV, Bunker  
  22  2:44  Marine  
  22  2:46  Marine  
  22  2:48  Widow Mine  
  22  2:50  SCV  
  26  3:02  Marine, SCV  
  26  3:04  Marine  
  28  3:12  Factory Tech Lab  
  25  3:14  SCV  
  26  3:20  Marine  
  26  3:22  Marine  
  26  3:23  Orbital Command  
  28  3:29  SCV  
  28  3:33  Siege Tank  
  32  3:42  SCV  
  32  3:45  Marine x2  
  35  3:53  Starport  
  35  3:55  SCV  
  36  3:57  SCV  
  37  4:03  Supply Depot  
  37  4:04  Marine  
  37  4:05  Marine  
  39  4:12  Siege Tank  
  42  4:19  Barracks  
  42  4:21  SCV  
  43  4:24  SCV  
  43  4:25  Marine  
  43  4:26  Marine  
  46  4:31  Starport Tech Lab  
  46  4:35  SCV  
  47  4:45  Siege Tank  
  50  4:46  Orbital Command  
  50  4:48  Supply Depot  
  50  4:56  SCV  
  50  4:57  Raven  
  50  4:58  Marine  
  54  5:07  Supply Depot  
  54  5:09  Marine, SCV  
  56  5:14  Barracks Tech Lab  
  56  5:18  Marine  
  57  5:21  Cyclone  
  57  5:23  SCV  
  57  5:27  Marine  
  45  5:36  Marine  
  43  5:44  Stimpack  
  43  5:45  Marine  
  44  5:50  SCV  
  44  5:55  SCV  
  44  5:56  Marine  
  44  5:58  Marine  
  44  6:04  Marine  
  46  6:09  SCV  
  46  6:10  SCV  
  48  6:14  Marine  
  48  6:15  Marine, Medivac  
  52  6:20  Widow Mine  
  52  6:21  SCV  
  52  6:22  SCV  
  52  6:23  Marine  
  57  6:31  Supply Depot  
  57  6:33  SCV  
  57  6:34  SCV  
  57  6:35  Marine x2  
  57  6:39  Supply Depot  
  61  6:43  Marine  
  62  6:49  Siege Tank  
  62  6:51  SCV x2  
  62  6:52  Marine  
  62  6:53  Marine  
  68  7:01  Marine  
  61  7:04  Medivac  
  60  7:10  Marine  
  60  7:11  Marine  
  62  7:19  Marine  
  60  7:28  Marine  
  60  7:29  Marine  
  62  7:35  SCV, Bunker  
  62  7:39  Marine  
  62  7:42  SCV  
  59  7:53  Marine  
  59  7:54  Marine  
  59  7:57  Marine  

Tags
 
Add a new tag
Caveats
  • Supply blocks, unpowered buildings, or Contaminate may cause inaccurate times.
  • Supply counts are checked every 10 seconds.